 Dungeon Crawl Stone Soup version 0.30.1-11-g7821555f0a (webtiles) character file.

Game seed: 336090556121901685

143 Okkudo the Chopper (level 5, -2/46 HPs)
             Began as a Hill Orc Monk on Nov 30, 2023.
             Slain by a gnoll
             ... wielding a +0 spear
              (7 damage)
             ... on level 3 of the Dungeon.
             The game lasted 00:08:15 (2155 turns).

Okkudo the Chopper (Hill Orc Monk)                  Turns: 2155, Time: 00:08:15

Health: -2/46      AC:  9    Str: 16    XL:     5   Next: 25%
Magic:  5/5        EV: 11    Int: 10    God:
Gold:   143        SH:  0    Dex: 13    Spells: 4/4 levels left

rFire   . . .        a - +0 hand axe
rCold   . . .        d - orb {light}
rNeg    . . .        n - +1 ring mail {Will+}
rPois   .            p - +0 helmet
rElec   .            (no cloak)
rCorr   .            j - +0 pair of gloves
SInv    .            q - +0 pair of boots
Will    +....        (no amulet)
Stlth   +            (no ring)
HPRegen 0.27/turn    (no ring)
MPRegen 0.09/turn

%: no passive effects
@: glowing
A: no striking features
a: no special abilities


You were on level 3 of the Dungeon.
You visited 1 branch of the dungeon, and saw 3 of its levels.

You collected 143 gold pieces.

Inventory:

Hand Weapons
 a - a +0 hand axe (weapon)
Armour
 d - an orb of light (worn)
 j - a +0 pair of gloves (worn)
 n - a +1 ring mail of willpower (worn)
 p - a +0 helmet (worn)
 q - a +0 pair of boots (worn)
Wands
 g - a wand of charming (6)
Scrolls
 e - 2 scrolls of identify {unknown}
 k - a scroll of enchant weapon {unknown}
 l - a scroll of fog {unknown}
 r - a scroll of torment {unknown}
Potions
 b - 4 potions of curing
 c - a potion of ambrosia
 f - a potion of invisibility {unknown}
 h - a potion of resistance {unknown}
 i - a potion of heal wounds {unknown}
 m - a potion of attraction {unknown}
 o - a potion of magic {unknown}


   Skills:
 - Level 4.0 Fighting
 * Level 7.2 Axes
 - Level 2.6 Dodging


You had 4 spell levels left.
You didn't know any spells.
Your spell library contained the following spells:

 Spells                   Type           Power      Damage    Failure   Level
 Ensorcelled Hibernation  Hex/Ice        0%         N/A       73%         2
 Spider Form              Tmut/Pois      0%         N/A       91%         3
 Anguish                  Hex/Necr       0%         N/A       100%        4
 Animate Armour           Summ/Erth      0%         N/A       100%        4
 Blade Hands              Tmut           0%         N/A       100%        5
 Iron Shot                Conj/Erth      0%         9d1       100%        6


Dungeon Overview and Level Annotations

Branches:
Dungeon (3/15)

Altars:
Ashenzari
Dithmenos
Gozag
Ru
Uskayaw
Vehumet

Shops:
D:2 !(*


Message History

You hit the gnoll but do no damage.
The gnoll is heavily wounded.
The gnoll barely misses you. The gnoll misses you.
You hit the gnoll but do no damage.
The gnoll is heavily wounded.
The gnoll hits you but does no damage. The gnoll closely misses you.
The gnoll hits you with a +0 spear! The gnoll barely misses you.
You hit the gnoll but do no damage. x2; You barely miss the gnoll.
The gnoll hits you with a +0 spear. The gnoll misses you.
The gnoll completely misses you.
You hit the gnoll but do no damage. You barely miss the gnoll.
You hit the gnoll. The gnoll hits you with a +0 spear.
The gnoll hits you but does no damage. The gnoll hits you with a +0 spear.
You hit the gnoll.
The gnoll is lightly wounded.
You hit the gnoll but do no damage. You barely miss the gnoll.
The gnoll hits you but does no damage. x2; The gnoll closely misses you.
You hit the gnoll.
The gnoll is heavily wounded.
You hit the gnoll but do no damage. x2; The gnoll completely misses you.
The gnoll hits you but does no damage. x2
You hit the gnoll but do no damage.
The gnoll is heavily wounded.
You hit the gnoll. You hit the gnoll but do no damage.
The gnoll hits you with a +0 club.
* * * LOW HITPOINT WARNING * * *
The gnoll hits you but does no damage. The gnoll hits you with a +0 spear.
* * * LOW HITPOINT WARNING * * *
You hit the gnoll.
The gnoll is almost dead.
You hit the gnoll.
You kill the gnoll!
You hit the gnoll. The gnoll hits you with a +0 spear.
* * * LOW HITPOINT WARNING * * *
The gnoll misses you.
You slash the gnoll!
You kill the gnoll!
You hit the dart slug but do no damage. You hit the gnoll.
The gnoll hits you with a +0 spear!
You die...

.##.#. .# .. ..... .. .
..#. .# . ... .#.# # ..
.#.#### #.# #.#.......
###### .#...#†)w...#####
....#
>......@#####...#####..#
#######)g....._.....'..#
#.#####...#####... #..
#####....... ##.#
....##### +# ... #. .
####. ..... .####


You could see a gnoll and a dart slug.

Vanquished Creatures
  Natasha (D:3)
  Robin (D:2)
  3 gnolls (D:3)
  An adder (D:3)
  2 worms
  A dart slug (D:1)
  2 orcs (D:3)
  8 bats
  5 endoplasms
  3 giant cockroaches (D:1)
  8 hobgoblins
  2 kobolds
  2 quokkas
  4 ball pythons
  2 frilled lizards
  14 goblins
  11 rats
70 creatures vanquished.

Notes
Turn   | Place    | Note
-------+----------+-------------------------------------------
     0 | D:1      | Okkudo the Hill Orc Monk began the quest for the Orb.
     0 | D:1      | Reached XP level 1. HP: 19/19 MP: 1/1
    72 | D:1      | Reached XP level 2. HP: 25/27 MP: 2/2
   339 | D:1      | Reached XP level 3. HP: 32/33 MP: 3/3
   495 | D:1      | Reached skill level 5 in Axes
  1074 | D:2      | Found Ifenuffi's Assorted Antiques.
  1089 | D:2      | Noticed Robin
  1122 | D:2      | Killed Robin
  1123 | D:2      | Reached XP level 4. HP: 31/40 MP: 4/4
  1209 | D:2      | Reached skill level 6 in Axes
  1299 | D:2      | Found Caoleh's Distillery.
  1384 | D:2      | Found Cufecat's Weapon Emporium.
  1913 | D:3      | Found a radiant altar of Vehumet.
  1914 | D:3      | Found a broken altar of Ashenzari.
  1914 | D:3      | Found a sacrificial altar of Ru.
  1936 | D:3      | Found a hide-covered altar of Uskayaw.
  1952 | D:3      | Found an opulent altar of Gozag.
  2048 | D:3      | Found a shadowy altar of Dithmenos.
  2062 | D:3      | Noticed Natasha
  2082 | D:3      | Killed Natasha
  2083 | D:3      | Reached skill level 7 in Axes
  2083 | D:3      | Reached XP level 5. HP: 13/46 MP: 5/5
  2155 | D:3      | Slain by a gnoll

Illustrated notes

Levels and vault maps discovered:
D:1:      dpeg_arrival_subterranean_lakeside_camping, layout_basic
D:2:      layout_rooms, serial_shops, nicolae_shop_getting_attention, shop,
          nicolae_shop_real_fake_doors, uniq_robin
D:3:      layout_basic, minmay_overflow_temple_star_hex,
          mainiacjoe_overflow_surrounded_room, uniq_grinder, uniq_natasha

Skill      XL: |  1  2  3  4 |
---------------+-------------+-----
Fighting       | 4 |  4.0
Axes           | 5 7 |  7.2
Dodging        | |  2.6

Action                     |  1- 3 |  4- 6 || total
---------------------------+-------+-------++-------
  Melee: Hand axe          |    92 |    83 ||   175
 Armour: Robe              |    19 |       ||    19
         Ring mail         |    15 |    41 ||    56
  Dodge: Dodged            |    60 |    54 ||   114
